 Dungeon Crawl Stone Soup version 0.30-a0-266-g2b27a225a3 (webtiles) character file.

Game seed: 531782349060245429

1 Fellbuddy the Firebug (level 1, 0/14 HPs)
             Began as a Draconian Fire Elementalist on Oct 6, 2022.
             Slain by a kobold
             ... wielding a +0 short sword
              (2 damage)
             ... on level 1 of the Dungeon on Oct 14, 2022.
             The game lasted 00:01:23 (18 turns).

Fellbuddy the Firebug (Draconian Fire Elementalist)   Turns: 18, Time: 00:01:23

Health: 0/14       AC:  4    Str: 10    XL:     1   Next: 16%
Magic:  3/3        EV: 12    Int: 15    God:
Gold:   0          SH:  0    Dex: 11    Spells: 3/4 levels left

rFire   . . .      SeeInvis .    (no weapon)
rCold   . . .      Faith    .    (no shield)
rNeg    . . .      Spirit   .    (body armour unavailable)
rPois   .          Reflect  .    (helmet restricted)
rElec   .          Harm     .    (no cloak)
rCorr   .          Rampage  .    (no gloves)
Will    .....                    (no boots)
Stlth   ++........               (no amulet)
HPRegen 0.22/turn                (no ring)
MPRegen 0.08/turn                (no ring)

@: no status effects
A: AC +4, unfitting armour, cold-blooded
a: no special abilities


You were on level 1 of the Dungeon.
You visited 1 branch of the dungeon, and saw 1 of its levels.

Inventory:

Potions
 a - a potion of magic


   Skills:
 + Level 1.7 Dodging
 + Level 1.7 Stealth
 + Level 0.4 Unarmed Combat
 + Level 2.0 Spellcasting
 + Level 1.0 Conjurations
 + Level 3.0 Fire Magic


You had 3 spell levels left.
You knew the following spells:

 Your Spells              Type           Power      Damage    Failure   Level
a - Foxfire               Conj/Fire      28%        2x1d5     10%         1

Your spell library contained the following spells:

 Spells                   Type           Power      Damage    Failure   Level
 Scorch                   Fire           20%        2d6       10%         2
 Inner Flame              Hex/Fire       6%         N/A       34%         3
 Kindle Blastsparks       Fire/Tloc/Air  8%         2d10      41%         3
 Flame Wave               Conj/Fire      7%         2d5       67%         4


Dungeon Overview and Level Annotations

Branches:
Dungeon (1/15)

Altars:


Innate Abilities, Weirdness & Mutations

Your plain brown scales are hard. (AC +4)
You cannot fit into any form of body armour.
You are cold-blooded and may be slowed by cold attacks.


Message History

No target in view!
Unknown command.
Unknown command.
Unknown command.
Unknown command.
Welcome back, Fellbuddy the Draconian Fire Elementalist.
Press ? for a list of commands and other information.
Unknown command.
Unknown command.
Unknown command.
Found 2 stones.
A kobold comes into view. It is wielding a +0 short sword.
The kobold shouts!
An endoplasm and a bat come into view.
The endoplasm quivers.
The bat hits you but does no damage. The kobold hits you but does no damage.
The bat barely misses you. The bat hits you.
You hit the endoplasm.
The endoplasm is lightly wounded.
The bat misses you. The endoplasm freezes you.
You are frozen.
The kobold hits you with a +0 short sword.
You hit the endoplasm. You tail-slap the endoplasm.
The endoplasm is almost dead.
The bat misses you. The endoplasm hits you.
* * * LOW HITPOINT WARNING * * *
The kobold hits you with a +0 short sword.
* * * LOW HITPOINT WARNING * * *
You hit the endoplasm.
You kill the endoplasm!
The bat closely misses you.
The kobold hits you with a +0 short sword.
* * * LOW HITPOINT WARNING * * *
The bat hits you but does no damage. The bat attacks as you move away!
The bat hits you but does no damage. x2
The kobold completely misses you. The bat closely misses you.
The kobold hits you with a +0 short sword.
You die...

#.. #.. ##.## #
#... #.###..## #
....... .#
#...##.###.
#..........
#.K@##..... #..b#
###
######.#########
.................
.......⌠.........
....⌠.......⌠....(
..................
..⌠...⌠...⌠...⌠..#
#..(............##


You could see a bat and a kobold.

Vanquished Creatures
  An endoplasm (D:1)
1 creature vanquished.

Notes
Turn   | Place    | Note
-------+----------+-------------------------------------------
     0 | D:1      | Fellbuddy the Draconian Fire Elementalist began the quest
                  | for the Orb.
     0 | D:1      | Reached XP level 1. HP: 14/14 MP: 3/3
     1 | D:1      | Upgraded the game from 0.30-a0-219-gf2db51d15e to
                  | 0.30-a0-266-g2b27a225a3
    18 | D:1      | Slain by a kobold

Illustrated notes

Levels and vault maps discovered:
D:1:      dpeg_arrival_lava_temple_mockup, layout_loops_ring, serial_shops,
          nicolae_shop_trees, dreamdust_ecumenical_altar_angels_and_demons,
          minmay_misc_feat_alley

Action                   || total
-------------------------++-------
Melee: Unarmed           ||     3
       Tailslap          ||     1
Armor: Skin              ||     5
Dodge: Dodged            ||     6

Table legend: (Time is in decaauts)
 A = Elapsed time spent in this place.
 B = Non-inter-level travel time spent in this place.
 C = Inter-level travel time spent in this place.
 D = Time resting spent in this place.
 E = Time spent auto-exploring this place.
 F = Levels seen in this place.
 G = Mean time per level.
                   A        B        C        D        E       F      G
               +--------+--------+--------+--------+--------+-----+--------+
         Total |     18 |     10 |      8 |      0 |      0 |   1 |   18.0 |
       Dungeon |     18 |     10 |      8 |      0 |      0 |   1 |   18.0 |
               +--------+--------+--------+--------+--------+-----+--------+

Top non-repeatable levels by time:
     D:1: 18 daAuts
